 Dungeon Crawl Stone Soup version 0.29.1-2-gbd0b4ee654 (webtiles) character file.

Game seed: 14392791402995200394

29 qeuew the Ducker (level 3, 0/27 HPs)
             Began as a Demonspawn Gladiator on Nov 3, 2022.
             Killed from afar by Sigmund (6 damage)
             ... with a puff of flame
             ... on level 2 of the Dungeon.
             The game lasted 00:01:37 (1060 turns).

qeuew the Ducker (Demonspawn Gladiator)             Turns: 1060, Time: 00:01:38

Health: 0/27       AC:  4    Str: 14    XL:     3   Next: 1%
Magic:  3/3        EV: 12    Int:  9    God:
Gold:   53         SH:  0    Dex: 16    Spells: 2/2 levels left

rFire   . . .      SeeInvis .   a - +1 long sword
rCold   . . .      Faith    .   (no shield)
rNeg    . . .      Spirit   .   b - +0 leather armour
rPois   .          Reflect  .   c - +0 helmet
rElec   .          Harm     .   (no cloak)
rCorr   .          Rampage  .   (no gloves)
Will    .....                   (no boots)
Stlth   +.........              (no amulet)
HPRegen 0.09/turn               (no ring)
MPRegen 0.16/turn               (no ring)

@: confused
A: powered by death 1, magic regeneration
a: no special abilities


You were on level 2 of the Dungeon.
You visited 1 branch of the dungeon, and saw 2 of its levels.

You collected 53 gold pieces.

Inventory:

Hand Weapons
 a - a +1 long sword (weapon)
Missiles
 d - a throwing net (quivered)
 e - a javelin
Armour
 b - a +0 leather armour (worn)
 c - a +0 helmet (worn)
Scrolls
 f - a scroll of enchant weapon
 g - a scroll of butterflies {unknown}
Potions
 i - a potion of haste
 l - a potion of curing


   Skills:
 + Level 2.0 Fighting
 + Level 3.1 Long Blades
 + Level 1.8 Throwing
 * Level 1.0 Armour
 + Level 3.1 Dodging


You had 2 spell levels left.
You didn't know any spells.
Your spell library contained the following spells:

 Spells                   Type           Power      Damage    Failure   Level
 Beastly Appendage        Tmut           0%         N/A       45%         1
 Magic Dart               Conj           0%         1d3       45%         1
 Call Imp                 Summ           0%         N/A       58%         2
 Wereblood                Tmut           0%         N/A       58%         2
 Mephitic Cloud           Conj/Pois/Air  0%         N/A       83%         3
 Spider Form              Tmut/Pois      0%         N/A       83%         3


Dungeon Overview and Level Annotations

Branches:
Dungeon (2/15)

Altars:

Annotations:
D:2 Sigmund


Innate Abilities, Weirdness & Mutations

You regenerate a little health from kills.
You regenerate magic rapidly.


Message History

Deactivating autopickup; reactivate with Ctrl-A.
You see here a scroll of identify.
No target in view!
A puff of flame appears from out of thin air!
The puff of flame misses you.
You hear some strange, mumbled words.
Something tries to affect you, but you resist.
Something hits you.
You closely miss something. Something hits you.
You slash something!
You hear some strange, mumbled words.
You are confused.
You closely miss something. You closely miss something.
Something hits you but does no damage. Something hits you.
* * * LOW HITPOINT WARNING * * *
Non-targeted confused throw: 3 throwing nets
Press: ? - help, Q - select action, (/) - cycle Dir - look around, f - activate You throw a throwing net.
Something hits you.
* * * LOW HITPOINT WARNING * * *
Unknown command.
You feel better.
You hear some strange, mumbled words.
You are confused.
Non-targeted confused throw: 2 throwing nets
Press: ? - help, Q - select action, (/) - cycle Dir - look around, f - activate You throw a throwing net.
Something barely misses you.
Unknown command.
Something barely misses you.
You miss something.
You hear some strange, mumbled words.
A puff of flame appears from out of thin air!
The puff of flame hits you.
* * * LOW HITPOINT WARNING * * *
You hear some strange, mumbled words.
A puff of flame appears from out of thin air!
The puff of flame hits you.
You die...

..$..#........ ##
#.#.#......#####
.##<.#...#...........
.....###.....[.#
.##............+ ..
(..............# ...
.......?#).....# ...
#.....#{......## ...
....# #@....#..## #.#
#.# #.....##..## #.#
# #.....###..## #.#
#.....# ##..####.#
#.....# ##....#.#
#.#+### ##...#.. #.#
#.....# #.# #...#..
#.# #######


There were no monsters in sight!

Vanquished Creatures
  A worm (D:2)
  5 bats
  2 endoplasms
  A giant cockroach (D:1)
  A goblin (D:1)
  A hobgoblin (D:1)
  4 kobolds
  3 quokkas (D:1)
  3 ball pythons
  3 rats
24 creatures vanquished.

Notes
Turn   | Place    | Note
-------+----------+-------------------------------------------
     0 | D:1      | qeuew the Demonspawn Gladiator began the quest for the Orb.
     0 | D:1      | Reached XP level 1. HP: 16/16 MP: 1/1
   161 | D:1      | Gained mutation: You regenerate magic rapidly. [demonic
                  | ancestry]
   161 | D:1      | Reached XP level 2. HP: 21/22 MP: 2/2
  1005 | D:2      | Reached skill level 1 in Armour
  1005 | D:2      | Gained mutation: You regenerate a little health from kills.
                  | [demonic ancestry]
  1005 | D:2      | Reached XP level 3. HP: 19/27 MP: 3/3
  1010 | D:2      | Identified the +0 robe of Burning Tender Moments {Archmagi}
  1039 | D:2      | Noticed Sigmund
  1055 | D:2      | HP: 1/27 [something (6)]
  1060 | D:2      | Killed from afar by Sigmund

Illustrated notes

Levels and vault maps discovered:
D:1:      minmay_arrival_jagged, layout_loops_cross
D:2:      layout_basic, shapermc_ecumenical_altar_ellora, uniq_sigmund

Skill      XL: |  1  2 |
---------------+-------+-----
Dodging        | 3 |  3.1
Long Blades    | 3 |  3.1
Armour         | 1 |  1.0
Fighting       | |  2.0
Throwing       | |  1.8

Action                   || total
-------------------------++-------
Melee: Long sword        ||    82
       Punch             ||     1
Throw: Throwing net      ||     2
  Use: Scroll            ||     6
       Potion            ||     1
Armor: Leather armour    ||    32
Dodge: Dodged            ||    74
